 Dungeon Crawl Stone Soup version 0.22.1-1-ga44c0e5 (webtiles) character file.

154 raph the Charmwright (level 5, -10/42 HPs)
             Began as a Draconian Skald on Oct 7, 2018.
             Mangled by a wraith (12 damage)
             ... on level 2 of the Abyss.
             The game lasted 00:07:00 (3361 turns).

raph the Charmwright (Draconian Skald)              Turns: 3361, Time: 00:07:00

Health: -10/42     AC:  6    Str: 11 (14) XL:     5   Next: 13%
Magic:  4/8        EV: 12    Int: 12 (13) God:
Gold:   123        SH:  0    Dex: 10 (11) Spells: 3/8 levels left

rFire    . . .     SeeInvis .   a - +0 falchion
rCold    . . .     Gourm    .   (no shield)
rNeg     . . .     Faith    .   (armour unavailable)
rPois    .         Spirit   .   (helmet restricted)
rElec    .         Reflect  .   (no cloak)
rCorr    .         Harm     .   n - +0 pair of gloves
MR       .....                  (no boots)
Stlth    +.........             (no amulet)
HPRegen  0.14/turn              (no ring)
MPRegen  0.11/turn              (no ring)

@: about to teleport, very slightly contaminated, slowed, invisible, very slow
A: unfitting armour, cold-blooded, AC +5
a: no special abilities


You were on level 2 of the Abyss.
You were near starving.

You visited 1 branch of the dungeon, and saw 4 of its levels.
You visited the Abyss 1 time.

You collected 123 gold pieces.

Inventory:

Hand Weapons
 a - a +0 falchion (weapon)
Missiles
 b - 7 tomahawks (quivered)
 f - 8 javelins
Armour
 n - a +0 pair of gloves (worn)
Potions
 d - 3 potions of lignification
 e - a potion of haste
 i - 2 potions of invisibility
 k - a potion of degeneration
 m - a potion of curing {unknown}
 o - a potion of ambrosia {unknown}
Comestibles
 c - 4 rations


   Skills:
 - Level 2.6 Fighting
 * Level 3.5 Long Blades
 - Level 2.4 Dodging
 - Level 2.3 Spellcasting
 * Level 3.9 Charms


You had 3 spell levels left.
You knew the following spells:

 Your Spells              Type           Power        Failure   Level  Hunger
a - Infusion              Chrm           ##..         5%          1    ##.....
b - Song of Slaying       Chrm           ##......     8%          2    ###....
c - Shroud of Golubria    Chrm/Tloc      #.........   19%         2    ###....

Your spell library contained the following spells:

 Spells                   Type           Power        Failure   Level  Hunger
 Regeneration             Chrm/Necr      #.........   34%         3    ####...
 Spectral Weapon          Hex/Chrm       #.......     34%         3    ####...


Dungeon Overview and Level Annotations

Branches:
Dungeon (4/15)
 Temple: D:4-7

Altars:
Qazlal
The Shining One

Annotations:
D:2 Crazy Yiuf
D:4 Pikel


Innate Abilities, Weirdness & Mutations

Your plain brown scales are hard. (AC +5)
You cannot fit into any form of body armour.
You are cold-blooded and may be slowed by cold attacks.


Message History

As you read the scroll of teleportation, it crumbles to dust.
You feel strangely unstable.
You feel the power of the Abyss delaying your translocation!
The wraith hits you. The wraith drains your vigour!
You feel yourself slow down.
It was a potion of invisibility.
You fade into invisibility!
The wraith barely misses you. The wraith hits you.
You are very lightly contaminated with residual magic.
The great orb of eyes bites you!
* * * LOW HITPOINT WARNING * * *
The great orb of eyes gazes at you.
You feel your power leaking away. The wraith barely misses you.
It was a potion of degeneration.
There was something very wrong with that liquid.
You feel weakened.
You feel dopey.
You feel clumsy.
The great orb of eyes closely misses you.
The wraith hits you!
You die...

### ###W##
##..#@#
#.#.G.#
##..##.#
##..# .##
#... .##
##..###..#
.#...#
##.#
#.#...##
.# ... .
..#.


You could see a great orb of eyes and a wraith.

Vanquished Creatures
  An orc wizard (D:3)
  Jessica (D:2)
  An adder (D:3)
  2 oozes (D:1)
  2 worms
  2 dart slugs
  A leopard gecko (D:3)
  9 orcs (D:3)
  7 bats
  4 giant cockroaches
  7 goblins
  7 hobgoblins
  3 jackals (D:1)
  7 kobolds
  5 frilled lizards
  3 rats
62 creatures vanquished.

Notes
Turn   | Place    | Note
-------+----------+-------------------------------------------
     0 | D:1      | raph the Draconian Skald began the quest for the Orb.
     0 | D:1      | Reached XP level 1. HP: 17/17 MP: 3/3
   288 | D:1      | Reached XP level 2. HP: 18/25 MP: 5/5
   477 | D:1      | Learned a level 2 spell: Song of Slaying
   480 | D:1      | Learned a level 2 spell: Shroud of Golubria
   844 | D:1      | Reached XP level 3. HP: 30/30 MP: 6/6
  1383 | D:2      | Noticed Jessica
  1399 | D:2      | Killed Jessica
  1399 | D:2      | Reached XP level 4. HP: 13/37 MP: 7/7
  1886 | D:2      | You fall through a shaft for 2 floors!
  1891 | D:4      | Noticed a slave
  1891 | D:4      | Noticed a slave
  1891 | D:4      | Noticed a slave
  1892 | D:4      | Noticed a slave
  1892 | D:4      | Noticed Pikel
  2145 | D:3      | Found a glowing golden altar of the Shining One.
  2257 | D:3      | Found a stormy altar of Qazlal.
  2746 | D:3      | Reached XP level 5. HP: 29/42 MP: 2/8
  3287 | D:2      | Found a runed door.
  3293 | D:2      | Noticed Crazy Yiuf
  3297 | D:2      | Cast into level 2 of the Abyss (Crazy Yiuf)
  3316 | Abyss:2  | Noticed a wraith
  3328 | Abyss:2  | Noticed a great orb of eyes
  3360 | Abyss:2  | HP: 2/42 [great orb of eyes (11)]
  3361 | Abyss:2  | Mangled by a wraith

Skill      XL: |  1  2  3  4 |
---------------+-------------+-----
Charms         | 3 |  3.9
Long Blades    | 3 |  3.5
Fighting       | |  2.6
Dodging        | |  2.4
Spellcasting   | |  2.3

Action                   |  1- 3 |  4- 6 || total
-------------------------+-------+-------++-------
Melee: Falchion          |    84 |    93 ||   177
       Tailslap          |    14 |    13 ||    27
Throw: Tomahawk          |     5 |       ||     5
 Cast: Infusion          |     6 |    13 ||    19
       Song of Slaying   |     1 |     2 ||     3
       Shroud of Golubri |     1 |       ||     1
  Use: Scroll            |       |    10 ||    10
       Potion            |       |     2 ||     2
  Eat: Chunk             |     2 |     5 ||     7
Armor: Skin              |    19 |    27 ||    46
Dodge: Dodged            |    63 |    51 ||   114
       Rpst.: Falchion   |    13 |    16 ||    29
